 Dungeon Crawl Stone Soup version 0.27-a0-414-gbb19ded6d3 (webtiles) character file.

Game seed: 9378914583714283987

898 HoaS the Twirler (level 7, -5/53 HPs)
             Began as a Demigod Gladiator on Feb 24, 2021.
             Slain by an orc warrior
             ... wielding a +0 scimitar
              (13 damage)
             ... on level 5 of the Dungeon.
             The game lasted 00:10:05 (4129 turns).

HoaS the Twirler (Demigod Gladiator)                Turns: 4129, Time: 00:10:06

Health: -5/53      AC: 13    Str: 15    XL:     7   Next: 50%
Magic:  9/9        EV: 13    Int: 10    God:
Gold:   297        SH:  5    Dex: 23    Spells: 6/6 levels left

rFire    . . .     SeeInvis .   a - +1 quarterstaff
rCold    . . .     Faith    .   (shield currently unavailable)
rNeg     . . .     Spirit   .   i - +1 scale mail
rPois    .         Reflect  +   c - +2 helmet
rElec    .         Harm     .   (no cloak)
rCorr    .         Rampage  .   h - +2 pair of gloves
Will     .....                  (no boots)
Stlth    +.........             j - amulet of reflection
HPRegen  0.17/turn              (no ring)
MPRegen  0.11/turn              (no ring)

@: no status effects
A: high mp 1
a: no special abilities


You were on level 5 of the Dungeon.
You visited 1 branch of the dungeon, and saw 6 of its levels.

You collected 297 gold pieces.

Inventory:

Hand Weapons
 a - a +1 quarterstaff (weapon)
Missiles
 b - 15 poisoned darts (quivered)
 l - 5 boomerangs
Armour
 c - a +2 helmet (worn)
 h - a +2 pair of gloves (worn)
 i - a +1 scale mail (worn)
Jewellery
 j - an amulet of reflection (around neck)
Wands
 e - a wand of flame (14)
Scrolls
 f - 2 scrolls of identify
Potions
 g - a potion of might
 k - a potion of lignification
 m - a potion of heal wounds
 n - a potion of degeneration {unknown}
 p - a potion of attraction {unknown}
 q - a potion of flight {unknown}


   Skills:
 - Level 1.7 Fighting
 * Level 7.2 Staves
 - Level 1.7 Throwing
 + Level 5.3 Dodging


You had 6 spell levels left.
You didn't know any spells.
Your spell library was empty.

Dungeon Overview and Level Annotations

Branches:
Dungeon (6/15)             Temple (0/1) D:4


Innate Abilities, Weirdness & Mutations

You have an increased reservoir of magic. (+10% MP)


Message History

You barely miss the orc warrior.
The orc warrior is heavily wounded.
The orc warrior hits you with a +0 scimitar.
The sky beast hits you but does no damage.
You completely miss the orc warrior.
The orc warrior is heavily wounded.
The sky beast flickers out of sight!
Deactivating autopickup; reactivate with Ctrl-A.
You block something's attack.
You hit the orc warrior.
The orc warrior is severely wounded.
The orc warrior closely misses you.
You closely miss the orc warrior.
The orc warrior is severely wounded.
Something hits you but does no damage.
The orc warrior hits you with a +0 scimitar.
You barely miss the orc warrior.
The orc warrior is severely wounded.
Something hits you but does no damage. The orc warrior misses you.
You hit the orc warrior but do no damage.
The orc warrior is severely wounded.
Something hits you but does no damage. The orc warrior completely misses you.
You hit the orc warrior.
The orc warrior is severely wounded.
Something hits you but does no damage.
You hit the orc warrior but do no damage.
The orc warrior is severely wounded.
The orc warrior barely misses you.
A sky beast appears from thin air!
Reactivating autopickup.
The sky beast hits you but does no damage.
You hit the orc warrior.
The orc warrior is almost dead.
The sky beast hits you but does no damage.
The orc warrior hits you with a +0 scimitar!
* * * LOW HITPOINT WARNING * * *
You hit the orc warrior.
The orc warrior is almost dead.
The sky beast hits you but does no damage.
The orc warrior hits you with a +0 scimitar!
You die...

#..# ##...## ##.
#..# ##.## ##..
#..# ### #... #..#
##... #..# #....
#..## ##... ##...#
##### ##.. #....#
#...#### ##.
#....# #....Y@##
## #....#
##....o.†# ##### #
#....## #........#
##...##
#..>..###........#
##.....##
#...#...#.......##
##.......#
#...###..#......#
#......... ##.##
###.......#
#......... ###
##.....##
##.........
#.....##
#..........


You could see an orc warrior and a sky beast.

Vanquished Creatures
  Edmund (D:5)
  An ogre (D:4)
  A centaur (D:6)
  2 scorpions (D:5)
  2 howler monkeys
  A bullfrog zombie (D:5)
  2 jellies
  A bullfrog skeleton (D:4)
  An iguana (D:5)
  2 orc wizards (D:4)
  3 worker ants
  2 worker ant zombies
  3 adders
  An ufetubus (D:6)
  An ooze (D:3)
  3 adder skeletons
  3 worms
  4 dart slugs
  4 leopard geckos
  6 orcs
  A ball python (D:3)
  7 giant cockroaches
  15 goblins
  4 hobgoblins
  11 jackals
  3 quokkas
  13 bats
  2 frilled lizards
  A jackal skeleton (D:4)
  6 kobolds
  10 rats
117 creatures vanquished.

Notes
Turn   | Place    | Note
-------+----------+-------------------------------------------
     0 | D:1      | HoaS the Demigod Gladiator began the quest for the Orb.
     0 | D:1      | Reached XP level 1. HP: 17/17 MP: 3/3
    69 | D:1      | Reached skill level 3 in Staves
    82 | D:1      | Reached XP level 2. HP: 24/24 MP: 4/4
   552 | D:2      | Reached XP level 3. HP: 28/29 MP: 5/5
   577 | D:2      | Found a sacrificial altar of Ru.
   668 | D:2      | Found a white marble altar of Elyvilon.
   811 | D:2      | Reached skill level 4 in Staves
  1381 | D:3      | Reached XP level 4. HP: 36/36 MP: 6/6
  1426 | D:3      | Found a shadowy altar of Dithmenos.
  2001 | D:4      | Found a staircase to the Ecumenical Temple.
  2014 | D:4      | Found a stormy altar of Qazlal.
  2251 | D:4      | Noticed an ogre
  2260 | D:4      | Killed an ogre
  2261 | D:4      | Reached skill level 5 in Staves
  2261 | D:4      | Reached XP level 5. HP: 22/41 MP: 7/7
  2467 | D:4      | Found a hazy altar of Hepliaklqana.
  2473 | D:4      | Found a shadowy altar of Dithmenos.
  2474 | D:4      | Noticed a shadow
  2604 | D:4      | Found a broken altar of Ashenzari.
  2621 | D:4      | Found a shimmering blue altar of Sif Muna.
  2802 | D:4      | Reached XP level 6. HP: 48/48 MP: 8/8
  2975 | D:5      | Entered Level 5 of the Dungeon
  3047 | D:5      | Noticed Edmund
  3066 | D:5      | Killed Edmund
  3067 | D:5      | Reached skill level 6 in Staves
  3141 | D:5      | Found an opulent altar of Gozag.
  3142 | D:5      | Found a sparkling altar of Nemelex Xobeh.
  3242 | D:5      | Reached XP level 7. HP: 52/53 MP: 9/9
  3589 | D:5      | Reached skill level 5 in Dodging
  3817 | D:6      | Reached skill level 7 in Staves
  4129 | D:5      | Slain by an orc warrior

Illustrated notes

Levels and vault maps discovered:
D:1:      dpeg_arrival_shelter, layout_basic, chequers_mini_garden,
          minmay_pentomino_p2
D:2:      kennysheep_the_goblin_king, layout_basic, old_standard_altar,
          lemuel_coloured_pillars_altar
D:3:      layout_loops_ring, nicolae_dithmenos_shadow_blocks
D:4:      layout_loops_ring, riverfiend_overflow_shadow_ancestor,
          lemuel_doored_altar, led_sif_book, minmay_temple_entry_junction_2,
          grunt_qazlal_sundering
D:5:      layout_cave_pods, grunt_temple_overflow_opulence, uniq_edmund
D:6:      layout_rooms, grunt_temple_overflow_champion_of_chaos, serial_shops,
          shop, serial_curves, eino_curves_04, eino_curves_04

Skill      XL: |  1  2  3  4  5  6  7 |
---------------+----------------------+-----
Staves         | 3 4 5 6 7 |  7.2
Dodging        | 3 4 5 |  5.3
Fighting       | |  1.7
Throwing       | |  1.7

Action                   |  1- 3 |  4- 6 |  7- 9 || total
-------------------------+-------+-------+-------++-------
Melee: Quarterstaff      |   159 |   143 |   120 ||   422
Throw: Throwing net      |       |     2 |     1 ||     3
       Boomerang         |       |    31 |       ||    31
  Use: Scroll            |       |     9 |     3 ||    12
 Stab: Sleeping          |     3 |     2 |       ||     5
       Held in net/web   |       |     3 |     2 ||     5
Armor: Leather armour    |    42 |    24 |       ||    66
       Scale mail        |       |     9 |    54 ||    63
Dodge: Dodged            |   119 |    77 |    69 ||   265
Block: Other             |     1 |    22 |    26 ||    49
       Reflection        |       |     1 |     1 ||     2

Table legend: (Time is in decaauts)
 A = Elapsed time spent in this place.
 B = Non-inter-level travel time spent in this place.
 C = Inter-level travel time spent in this place.
 D = Time resting spent in this place.
 E = Time spent auto-exploring this place.
 F = Levels seen in this place.
 G = Mean time per level.
                   A        B        C        D        E       F      G
               +--------+--------+--------+--------+--------+-----+--------+
         Total |   4157 |   4058 |     99 |    718 |   2441 |   6 |  692.8 |
       Dungeon |   4157 |   4058 |     99 |    718 |   2441 |   6 |  692.8 |
               +--------+--------+--------+--------+--------+-----+--------+

Top non-repeatable levels by time:
     D:5: 1044 daAuts
     D:4: 1041 daAuts
     D:2: 796 daAuts
     D:3: 611 daAuts
     D:1: 558 daAuts
     D:6: 106 daAuts
